 Dungeon Crawl Stone Soup version 0.22.1-1-ga44c0e5 (webtiles) character file.

66 aMcNicky the Ruffian (level 4, -5/38 HPs)
             Began as a Ghoul Gladiator on Oct 29, 2018.
             Slain by Sigmund
             ... wielding a +2 scythe of protection
              (6 damage)
             ... on level 2 of the Dungeon.
             The game lasted 00:04:07 (1296 turns).

aMcNicky the Ruffian (Ghoul Gladiator)              Turns: 1296, Time: 00:04:07

Health: -5/38      AC:  6    Str: 16 (17) XL:     4   Next: 15%
Magic:  3/3        EV: 11    Int:  3 (4)  God:
Gold:   70         SH:  0    Dex:  8 (10) Spells: 3/3 levels left

rFire    . . .     SeeInvis .     - Unarmed
rCold    + . .     Gourm    .   (no shield)
rNeg     + + +     Faith    .   h - +0 ring mail
rPois    ∞         Spirit   .   b - +0 helmet
rElec    .         Reflect  .   (no cloak)
rCorr    .         Harm     .   (no gloves)
MR       .....                  (no boots)
Stlth    ..........             (no amulet)
HPRegen  0.00/turn              (no ring)
MPRegen  0.08/turn              (no ring)

@: confused, rotting
A: rotting body, claws 1, carnivore, cold resistance 1, negative energy
resistance 3, inhibited regeneration, torment resistance, unbreathing
a: no special abilities


You were on level 2 of the Dungeon.
You were not hungry.

You visited 1 branch of the dungeon, and saw 2 of its levels.

You collected 70 gold pieces.

Inventory:

Missiles
 c - 2 throwing nets
 k - 6 stones (quivered)
Armour
 a - a +0 leather armour
 b - a +0 helmet (worn)
 h - a +0 ring mail (worn)
Jewellery
 e - a cursed amulet of rage {unknown}
Scrolls
 f - a scroll of blinking
 j - a scroll of enchant armour {unknown}
 m - a scroll of magic mapping {unknown}
 n - a scroll of fear {unknown}
Potions
 o - a potion of invisibility
Comestibles
 d - 2 rations


   Skills:
 + Level 3.2 Fighting
 - Level 1.7 Throwing
 - Level 2.6 Dodging
 * Level 4.8 Unarmed Combat


You had 3 spell levels left.
You didn't know any spells.
Your spell library was empty.

Dungeon Overview and Level Annotations

Branches:
Dungeon (2/15)

Altars:

Annotations:
D:2 Sigmund


Innate Abilities, Weirdness & Mutations

Your body is rotting away.
You thrive on raw meat.
You are immune to poison.
You have sharp fingernails.
You are carnivorous and can eat meat at any time.
Your flesh is cold resistant. (rC+)
You are immune to negative energy. (rN+++)
You do not regenerate when monsters are visible.
You are immune to unholy pain and torment.
You can survive without breathing.


Message History

Your body decomposes!
You feel clumsy.
It was a potion of lignification.
You feel woody for a moment. Something hits you.
* * * LOW HITPOINT WARNING * * *
It was a potion of cancellation.
Your magical effects are unravelling.
You feel magically purged.
Your magical contamination has completely faded away.
You flicker back into view.
You hear some strange, mumbled words.
You are confused.
You bump into the rock wall.
Something hits you.
* * * LOW HITPOINT WARNING * * *
You completely miss something. You claw something!
Something hits you but does no damage.
You bump into the rock wall.
You bump into the rock wall.
Something hits you but does no damage.
You completely miss something. Something hits you.
You die...

#.##.# #.##.# #.....
####.# # #.#
####.#### #.#
#.......#### #.#
#.##{##.## #####.#
#...@....# #.....#
####.##.#######.#####
#.##.........#
..############ ####


There were no monsters in sight!

Vanquished Creatures
  2 gnolls
  An adder (D:2)
  3 dart slugs (D:1)
  2 leopard geckos (D:1)
  3 giant cockroaches
  3 hobgoblins
  2 jackals (D:1)
  A ball python (D:1)
  4 bats (D:1)
  A frilled lizard (D:1)
  3 goblins
  4 kobolds (D:1)
  3 rats
32 creatures vanquished.

Vanquished Creatures (others)
  A frilled lizard (D:2)
1 creature vanquished.

Grand Total: 33 creatures vanquished

Notes
Turn   | Place    | Note
-------+----------+-------------------------------------------
     0 | D:1      | aMcNicky the Ghoul Gladiator began the quest for the Orb.
     0 | D:1      | Reached XP level 1. HP: 17/17 MP: 0/0
   209 | D:1      | Reached XP level 2. HP: 24/24 MP: 1/1
   330 | D:1      | Reached skill level 4 in Unarmed Combat
   402 | D:1      | Reached XP level 3. HP: 30/30 MP: 2/2
  1173 | D:2      | Reached XP level 4. HP: 34/38 MP: 3/3
  1249 | D:2      | Noticed Sigmund
  1291 | D:2      | HP: 1/38 [something (2)]
  1296 | D:2      | Slain by Sigmund

Skill      XL: |  1  2  3 |
---------------+----------+-----
Unarmed Combat | 4 |  4.8
Fighting       | 3 |  3.2
Throwing       | |  1.7
Dodging        | |  2.6

Action                   |  1- 3 |  4- 6 || total
-------------------------+-------+-------++-------
Melee: Unarmed           |    84 |    27 ||   111
Throw: Throwing net      |     1 |       ||     1
  Use: Scroll            |     1 |       ||     1
       Potion            |       |     4 ||     4
  Eat: Chunk             |     3 |     4 ||     7
Armor: Leather armour    |     3 |       ||     3
       Ring mail         |    22 |     7 ||    29
Dodge: Dodged            |    44 |     7 ||    51
